 Seeded DCSS version 0.24-a0-194-g9bee6eb (webtiles) character file.

Game seed: 6453223872703145352

8625 TheOrbIsALie the Cleaver (level 11, -19/101 HPs)
             Began as a Hill Orc Warper on Mar 18, 2019.
             Was an Elder of Makhleb.
             Demolished by an orc warrior
             ... wielding a +0 glaive
              (24 damage)
             ... on level 10 of the Dungeon.
             The game lasted 00:33:02 (12928 turns).

TheOrbIsALie the Cleaver (Hill Orc Warper)         Turns: 12928, Time: 00:33:02

Health: -19/101    AC: 11    Str: 19    XL:     11   Next: 33%
Magic:  16/19      EV: 11    Int: 13    God:    Makhleb [****..]
Gold:   477        SH:  0    Dex: 11    Spells: 11/13 levels left

rFire    . . .     SeeInvis .   c - +0 hand axe
rCold    . . .     Gourm    .   (no shield)
rNeg     . . .     Faith    .   j - +0 ring mail
rPois    .         Spirit   .   r - +0 helmet
rElec    .         Reflect  .   N - +1 cloak
rCorr    .         Harm     +   z - +1 pair of gloves
MR       .....                  C - +0 pair of boots
Stlth    ++........             o - amulet of harm
HPRegen  0.26/turn              n - ring of stealth
MPRegen  0.16/turn              S - ring of flight

@: no status effects
A: strong 1, MP-powered wands
a: Minor Destruction, Lesser Servant of Makhleb, Major Destruction, Renounce
Religion, Evoke Flight


You were on level 10 of the Dungeon.
You worshipped Makhleb.
Makhleb was greatly pleased with you.
You were not hungry.

You visited 1 branch of the dungeon, and saw 10 of its levels.

You collected 505 gold pieces.
You spent 28 gold pieces at shops.

Inventory:

Hand Weapons
 a - a +0 falchion
 c - a +0 hand axe (weapon)
Missiles
 e - 5 tomahawks of dispersal (quivered)
 h - 6 javelins
 L - 5 tomahawks
Armour
 b - a +0 leather armour
 j - a +0 ring mail (worn)
 r - a +0 helmet (worn)
 z - a +1 pair of gloves (worn)
 C - a +0 pair of boots (worn)
 N - a +1 cloak (worn)
Jewellery
 n - a ring of stealth (left hand)
 o - an amulet of harm (around neck)
 t - an uncursed amulet of the acrobat {unknown}
 K - an uncursed amulet of faith {unknown}
 P - an uncursed ring of resist corrosion
 S - a ring of flight (right hand)
 T - an uncursed ring of stealth
Wands
 G - a wand of flame (18)
 I - a wand of random effects (15)
Scrolls
 d - 5 scrolls of blinking
 i - 2 scrolls of enchant weapon {unknown}
 m - a scroll of immolation {unknown}
 q - 6 scrolls of teleportation {unknown}
 v - 4 scrolls of remove curse {unknown}
 w - 5 scrolls of identify
 y - a scroll of magic mapping {unknown}
 A - 4 scrolls of enchant armour {unknown}
 F - 2 scrolls of amnesia {unknown}
 H - 2 scrolls of fog {unknown}
 M - a scroll of random uselessness {unknown}
 O - a scroll of fear {unknown}
Potions
 g - a potion of ambrosia {unknown}
 k - a potion of cancellation
 l - 2 potions of degeneration {unknown}
 p - a potion of curing {unknown}
 s - 2 potions of mutation
 u - 2 potions of flight {unknown}
 x - 2 potions of berserk rage
 B - 2 potions of resistance {unknown}
 D - a potion of might {unknown}
 E - 2 potions of lignification
 Q - a potion of agility
 R - a potion of haste {unknown}
Comestibles
 f - 21 rations
 J - 10 chunks of flesh


   Skills:
 + Level 10.5 Fighting
 - Level 2.1 Long Blades
 + Level 14.9 Axes
 - Level 0.8 Throwing
 - Level 1.1 Armour
 - Level 1.5 Dodging
 - Level 1.5 Spellcasting
 - Level 2.4 Translocations
 * Level 11.4 Invocations


You had 11 spell levels left.
You knew the following spells:

 Your Spells              Type           Power        Failure   Level  Hunger
a - Blink                 Tloc           N/A          26%         2    ###....

Your spell library contained the following spells:

 Spells                   Type           Power        Failure   Level  Hunger
 Shroud of Golubria       Chrm/Tloc      #.........   38%         2    ###....
 Confusing Touch          Hex            #.....       43%         1    ##.....
 Corona                   Hex            #......      43%         1    ##.....
 Summon Small Mammal      Summ           #...         43%         1    ##.....
 Gell's Gravitas          Tloc           #.........   45%         3    ####...
 Lesser Beckoning         Tloc           #.........   45%         3    ####...
 Teleport Other           Tloc           #.......     45%         3    ####...
 Call Imp                 Summ           #.......     56%         2    ###....
 Ensorcelled Hibernation  Hex/Ice        #.....       56%         2    ###....
 Call Canine Familiar     Summ           #.......     80%         3    ####...
 Confuse                  Hex            #.......     80%         3    ####...
 Dazzling Spray           Conj/Hex       #.....       80%         3    ####...
 Summon Guardian Golem    Hex/Summ       #.......     80%         3    ####...
 Tukima's Dance           Hex            #.......     80%         3    ####...
 Passage of Golubria      Tloc           N/A          86%         4    #####..
 Summon Ice Beast         Ice/Summ       #.......     99%         4    #####..
 Summon Lightning Spire   Summ/Air       #.......     99%         4    #####..


Dungeon Overview and Level Annotations

Branches:
Dungeon (10/15)            Temple (0/1) D:5             Orc (0/2) D:10
   Lair: D:8-11

Altars:
Ashenzari
Fedhas
Gozag
Makhleb
Nemelex Xobeh
Sif Muna
Trog
Uskayaw
Vehumet
Yredelemnul
The Shining One

Shops:
D:6 %   D:7 =   D:9 }

Annotations:
D:8 Erica


Innate Abilities, Weirdness & Mutations

Your muscles are strong. (Str +2)
You expend magic power (3 MP) to strengthen your wands.


Message History

Aiming: Throw Flame
Press: ? - help, Shift-Dir - straight line, f - orc warrior
Aim: an orc warrior, wielding a +0 glaive and wearing a +0 chain mail (almost dead)
Okay, then.
Unknown command.
Okay, then.
Unknown command.
Okay, then.
(D) Dungeon (T) Temple (O) Orcish Mines
Where to? (Enter - D:10, ? - help)
Okay, then.
Unknown command.
Evoke which item? (* to show all) (? for menu, Esc to quit)
Aiming: Throw Flame
Press: ? - help, Shift-Dir - straight line, f - orc warrior
Aim: an orc warrior, wielding a +0 glaive and wearing a +0 chain mail (almost dead)
You feel a surge of power!
The puff of flame misses the orc warrior.
The orc warrior hits you from afar with a +0 glaive!!
You die...

#..#..##.#
#..#..##.#
#..#..##.#
#..#..##.#
#..#..##.#
######+##.....#
#.............#
#.......#####.#
#...@# #.#
.##.(..#####.#
#......[o)o)..#
##########....#
.... #..#.# ...
#....#
#..##....#
#..#.....#
#..#.....#


You could see an orc warrior.

Vanquished Creatures
  The ghost of Wouzxegu the Gusty, a novice DrAE of Sif Muna (D:7)
  The ghost of Lubreruc the Covert, a novice SpEn of Ashenzari (D:7)
  Grinder (D:4)
  Prince Ribbit (D:6)
  Sigmund (D:3)
  A human (D:8)
  4 yaks
  Eustachio (D:4)
  Grum (D:9)
  3 hogs (D:8)
  Menkaure (D:6)
  Duvessa (D:4)
  3 sky beasts
  5 orc warriors
  2 ice beasts (D:7)
  2 ogres
  3 phantoms
  A black bear (D:6)
  6 necrophages
  7 centaurs
  3 wolves (D:9)
  4 bullfrogs
  Dowan (D:4)
  2 wyvern skeletons
  2 scorpions (D:8)
  A water moccasin zombie (D:9)
  14 killer bees
  A howler monkey (D:5)
  3 wights (D:7)
  3 bullfrog zombies
  2 crimson imps
  4 hounds
  3 jellies
  3 orc priests
  A bullfrog skeleton (D:8)
  3 iguanas
  2 centaur skeletons
  11 orc wizards
  7 worker ants
  2 hound skeletons
  3 hound zombies
  A worker ant zombie (D:9)
  5 adders
  2 howler monkey skeletons
  2 shadow imps
  An ooze (D:5)
  3 adder zombies
  2 adder skeletons
  5 worms
  2 leopard geckos
  28 orcs
  4 ball pythons
  6 giant cockroaches
  8 hobgoblins
  6 jackals
  6 quokkas
  A ball python zombie (D:5)
  5 bats
  4 frilled lizards
  8 goblins
  7 kobolds
  A leopard gecko zombie (D:6)
  A quokka skeleton (D:7)
  A quokka zombie (D:9)
  10 rats
  2 bushes (D:9)
242 creatures vanquished.

Vanquished Creatures (collateral kills)
  An ogre (D:9)
1 creature vanquished.

Vanquished Creatures (others)
  A bush (D:9)
  6 plants (D:9)
7 creatures vanquished.

Grand Total: 250 creatures vanquished

Notes
Turn   | Place    | Note
-------+----------+-------------------------------------------
     0 | D:1      | TheOrbIsALie the Hill Orc Warper began the quest for the
                  | Orb.
     0 | D:1      | Reached XP level 1. HP: 18/18 MP: 3/3
    64 | D:1      | Reached skill level 1 in Axes
   406 | D:1      | Reached skill level 2 in Axes
   409 | D:1      | Reached XP level 2. HP: 22/25 MP: 4/4
   926 | D:2      | Reached skill level 3 in Axes
  1535 | D:2      | Reached XP level 3. HP: 30/30 MP: 5/5
  1747 | D:2      | Reached skill level 4 in Axes
  2265 | D:3      | Reached XP level 4. HP: 35/37 MP: 6/6
  2271 | D:3      | Found an opulent altar of Gozag.
  2314 | D:3      | Reached skill level 5 in Axes
  2690 | D:3      | Reached skill level 6 in Axes
  2690 | D:3      | Reached XP level 5. HP: 23/42 MP: 7/7
  2825 | D:3      | Found a hide-covered altar of Uskayaw.
  2829 | D:3      | Found a sparkling altar of Nemelex Xobeh.
  2829 | D:3      | Found a burning altar of Makhleb.
  2901 | D:3      | Found a glowing golden altar of the Shining One.
  2904 | D:3      | Found a basalt altar of Yredelemnul.
  2927 | D:3      | Became a worshipper of Makhleb the Destroyer
  2982 | D:3      | Noticed Sigmund
  2992 | D:3      | Killed Sigmund
  2992 | D:3      | Reached skill level 8 in Axes
  2992 | D:3      | Reached XP level 6. HP: 46/50 MP: 8/8
  2996 | D:3      | Learned a level 2 spell: Blink
  3463 | D:4      | Noticed Eustachio
  3476 | D:4      | Killed Eustachio
  3476 | D:4      | Reached skill level 9 in Axes
  3476 | D:4      | Reached XP level 7. HP: 35/56 MP: 9/9
  3951 | D:4      | Reached skill level 10 in Axes
  4571 | D:4      | Noticed Duvessa
  4606 | D:5      | Entered Level 5 of the Dungeon
  4702 | D:5      | Reached skill level 11 in Axes
  4702 | D:5      | Reached XP level 8. HP: 59/63 MP: 10/10
  4866 | D:5      | Found a staircase to the Ecumenical Temple.
  5057 | D:5      | Reached * piety under Makhleb
  5892 | D:5      | Noticed a moth of wrath
  5895 | D:5      | Found a bloodstained altar of Trog.
  6077 | D:6      | Reached skill level 12 in Axes
  6352 | D:6      | Noticed Menkaure
  6358 | D:6      | Killed Menkaure
  6476 | D:6      | Found Boxaf's Food Shoppe.
  6590 | D:6      | Reached skill level 5 in Fighting
  6613 | D:6      | Noticed Prince Ribbit
  6618 | D:6      | Killed Prince Ribbit
  6618 | D:6      | Reached XP level 9. HP: 59/75 MP: 11/11
  6844 | D:6      | Reached skill level 13 in Axes
  7720 | D:7      | Found Jaufap's Jewellery Emporium.
  7730 | D:7      | Bought a cursed amulet of inaccuracy for 28 gold pieces
  7781 | D:7      | Reached ** piety under Makhleb
  8068 | D:7      | Reached skill level 14 in Axes
  8180 | D:7      | Reached XP level 10. HP: 91/91 MP: 12/12
  8183 | D:7      | Reached skill level 1 in Invocations
  8236 | D:7      | Found a runed translucent gate.
  8236 | D:7      | Found a runed translucent gate.
  8236 | D:7      | Found a runed translucent gate.
  8236 | D:7      | Noticed Wouzxegu's ghost (novice DrAE)
  8237 | D:7      | Noticed Lubreruc's ghost (novice SpEn)
  8482 | D:4      | Noticed Grinder
  8482 | D:4      | Noticed Dowan
  8504 | D:4      | Killed Duvessa
  8507 | D:4      | Killed Dowan
  8751 | D:4      | Found a radiant altar of Vehumet.
  8785 | D:4      | Killed Grinder
  9018 | D:7      | Found a deep blue altar of Sif Muna.
  9046 | D:7      | Identified Sif Muna's Grimoire of Enchantment
  9388 | D:8      | Reached *** piety under Makhleb
 10040 | D:8      | Reached skill level 5 in Invocations
 10186 | D:8      | Noticed Erica
 10380 | D:7      | Gained mutation: Your muscles are strong. (Str +2) [potion
                  | of mutation]
 10380 | D:7      | Gained mutation: You expend magic power (3 MP) to
                  | strengthen your wands. [potion of mutation]
 10389 | D:7      | Killed Lubreruc's ghost
 10449 | D:7      | Killed Wouzxegu's ghost
 10449 | D:7      | Reached skill level 10 in Fighting
 10612 | D:8      | Found a shattered altar of Ashenzari.
 10645 | D:8      | Found a burning altar of Makhleb.
 10963 | D:8      | Reached XP level 11. HP: 76/100 MP: 16/18
 11162 | D:9      | Found Olagh's Gadget Shoppe.
 11297 | D:9      | Reached skill level 10 in Invocations
 11968 | D:9      | Noticed Grum
 11989 | D:9      | Killed Grum
 12342 | D:9      | Reached **** piety under Makhleb
 12450 | D:9      | Found a blossoming altar of Fedhas.
 12837 | D:10     | Entered Level 10 of the Dungeon
 12878 | D:10     | Found a staircase to the Orcish Mines.
 12925 | D:10     | HP: 5/101 [orc warrior/+0 glaive (8)]
 12928 | D:10     | Demolished by an orc warrior

Levels and vault maps discovered:
D:1:      evilmike_arrival_crescent, layout_loops_ring, minmay_tetromino_l4
D:2:      layout_basic
D:3:      layout_basic, grunt_temple_overflow_open, grunt_gozag_statues,
          st_stairs_1, uniq_sigmund
D:4:      layout_gridville, marbit_many_paths, first_ration, uniq_duvessa,
          uniq_grinder, uniq_eustachio
D:5:      layout_cave_pods, minmay_temple_entry_sparse_star, tgw_trog
D:6:      layout_gridville, serial_shops,
          nicolae_shop_temple_entry_statues_fountains, lightli_orcish_oven,
          uniq_menkaure, uniq_prince_ribbit1
D:7:      layout_basic, led_sif_book, gammafunk_ghost_cemetery, serial_shops,
          shop
D:8:      layout_cave_pools, nicolae_overflow_crystal_walls, grunt_livestock,
          makhleb_blood_cavern_becter, uniq_erica
D:9:      layout_basic, fedhas_altar_decomposition, serial_shops, shop,
          uniq_grum
D:10:     layout_stronghold, lair_entry_dummy, david_orc_2, serial_shops, shop,
          shop_statue, shop, basic_altar

Skill      XL: |  1  2  3  4  5  6  7  8  9 10 11 |
---------------+----------------------------------+-----
Axes           | 2 3 4 6 8 9 11 12 14 | 14.9
Fighting       | 3 5 9 10 | 10.5
Invocations    | 9 11 | 11.4
Long Blades    | |  2.1
Throwing       | |  0.8
Armour         | |  1.1
Dodging        | |  1.5
Spellcasting   | |  1.5
Translocations | |  2.4

Action                   |  1- 3 |  4- 6 |  7- 9 | 10-12 || total
-------------------------+-------+-------+-------+-------++-------
Melee: Falchion          |    98 |       |       |       ||    98
       Hand axe          |    21 |   146 |   511 |   585 ||  1263
Invok: Minor Destruction |       |       |     1 |    98 ||    99
 Abil: Stop Flying       |       |       |       |     1 ||     1
       Evoke Flight      |       |       |       |     1 ||     1
Evoke: Wand              |       |     6 |    23 |     9 ||    38
       Phantom mirror    |       |       |       |     1 ||     1
  Use: Potion            |       |     2 |       |     5 ||     7
       Scroll            |       |       |       |     1 ||     1
 Stab: Sleeping          |     2 |     3 |     6 |     1 ||    12
       Paralysed         |       |    12 |       |       ||    12
  Eat: Chunk             |     4 |     4 |    12 |    12 ||    32
       Ration            |       |       |     1 |     1 ||     2
Armor: Leather armour    |    29 |    23 |    34 |       ||    86
       Ring mail         |       |       |   115 |   142 ||   257
       Skin              |       |       |       |    11 ||    11
Dodge: Dodged            |    82 |    81 |   173 |   188 ||   524
       Rpst.: Falchion   |    33 |       |       |       ||    33

Table legend:
 A = Non-vault XP
 B = Vault XP
 C = Vault XP percentage of total XP
 D = Non-vault monster count
 E = Vault monster count
 F = Vault count percentage of total count
                 A         B        C        D         E       F
            +---------+---------+-------+---------+---------+-------
      Total |    7150 |    5172 |  42.0 |     190 |      51 |  21.2
            +---------+---------+-------+---------+---------+-------
        D:1 |      15 |       4 |  21.1 |      10 |       3 |  23.1
        D:2 |      60 |       0 |   0.0 |      17 |       0 |   0.0
        D:3 |     181 |     229 |  55.9 |      33 |       3 |   8.3
        D:4 |     557 |     687 |  55.2 |      22 |       4 |  15.4
        D:5 |     499 |       9 |   1.8 |      15 |       5 |  25.0
        D:6 |     818 |     554 |  40.4 |      13 |       8 |  38.1
        D:7 |    1859 |    1388 |  42.7 |      34 |       4 |  10.5
        D:8 |    1250 |    1148 |  47.9 |      20 |       7 |  25.9
        D:9 |    1868 |    1005 |  35.0 |      24 |      12 |  33.3
       D:10 |      43 |     148 |  77.5 |       2 |       5 |  71.4
            +---------+---------+-------+---------+---------+-------
